 Dungeon Crawl Stone Soup version 0.17.1-2-g5865329 (webtiles) character file.

20652 Shakirun the Severer (level 12, -9/120 HPs)
             Began as a Minotaur Berserker on Feb 16, 2016.
             Was an Elder of Trog.
             Mangled by Rupert
             ... wielding a +5 great mace of protection
              (21 damage)
             ... on level 4 of the Lair of Beasts.
             The game lasted 01:00:25 (12300 turns).

Shakirun the Severer (Minotaur Berserker)          Turns: 12300, Time: 01:00:26

Health: -9/120     AC: 19    Str: 30    XL:     12   Next: 47%
Magic:  11/11      EV: 15    Int:  6    God:    Trog [****..]
Gold:   725        SH:  2    Dex: 15    Spells: 0 memorised, 11 levels left

rFire  . . .     SeeInvis .     E - +0 battleaxe
rCold  + . .     Clarity  .     z - +5 chain mail {rC+}
rNeg   . . .     SustAt   .     (shield currently unavailable)
rPois  .         Gourm    .     (helmet restricted)
rElec  .         Spirit   .     (no cloak)
rCorr  .         Warding  .     (no gloves)
rMut   .         Stasis   .     (no boots)
MR     ++++.                    (no amulet)
Stlth  ..........               b - ring of protection from magic
                                f - +3 ring of dexterity

@: berserking (expiring), regenerating, very quick, incredibly resistant to
hostile enchantments, extremely unstealthy
A: retaliatory headbutt, horns 2, large bone plates 1, clever 1, frail 2, magic
resistance 1, evolution 1
a: Berserk, Trog's Hand, Brothers in Arms, Burn Spellbooks, Renounce Religion


You were on level 4 of the Lair of Beasts.
You worshipped Trog.
Trog was greatly pleased with you.
You were not hungry.

You visited 2 branches of the dungeon, and saw 14 of its levels.

You collected 865 gold pieces.
You spent 140 gold pieces at shops.

Inventory:

Hand Weapons
 a - a +0 hand axe
 v - a +0 hand axe
 A - a +2 hand axe of chopping
 E - a +0 battleaxe (weapon)
 F - a +0 broad axe
Armour
 z - a +5 chain mail of cold resistance (worn)
Rods
 P - a +1 rod of clouds (14/14)
   (You found it on level 1 of the Lair of Beasts)
Jewellery
 b - a ring of protection from magic (right hand)
 f - a +3 ring of dexterity (left hand)
 w - an uncursed ring of flight
 K - an uncursed ring of protection from fire
Wands
 p - a wand of confusion (15)
 L - a wand of fireball (0)
 M - a wand of cold (0)
 N - a wand of fireball (8)
 U - a wand of lightning (4)
Scrolls
 h - 3 scrolls of fear {unknown}
 i - 4 scrolls of enchant weapon {unknown}
 j - 3 scrolls of acquirement {unknown}
 l - 2 scrolls of blinking
 m - 11 scrolls of identify
 y - a scroll of magic mapping
 D - 4 scrolls of remove curse
 G - 4 scrolls of recharging
 Q - 3 scrolls of enchant armour
 R - 3 scrolls of teleportation
 S - 3 scrolls of amnesia {unknown}
 V - a scroll of fog {unknown}
Potions
 d - a potion of might {unknown}
 e - 3 potions of haste
 g - 2 potions of flight
 k - 6 potions of curing
 n - a potion of agility
 o - 3 potions of poison
 q - 2 potions of ambrosia {unknown}
 s - a potion of cure mutation
 u - 2 potions of brilliance {unknown}
 C - 2 potions of cancellation {unknown}
 H - 2 potions of invisibility {unknown}
 I - a potion of heal wounds
 T - a potion of mutation {unknown}
Comestibles
 c - 3 bread rations
 r - 6 meat rations
 t - 2 beef jerkies
 x - a royal jelly
 B - 16 fruits
 J - 7 slices of pizza


   Skills:
 * Level 7.8 Fighting
 * Level 16.5 Axes
 + Level 12.2 Armour
 - Level 10.7 Dodging


You had 11 spell levels left.
You didn't know any spells.

Dungeon Overview and Level Annotations

Branches:
Dungeon (10/15)            Temple (0/1) D:6            Lair (4/8) D:8
  Swamp: Lair:3-6    Shoals: Lair:3-6     Snake: Lair:3-6    Spider: Lair:3-6
    Orc: D:9-12

Altars:
Cheibriados
Kikubaaqudgha
Okawaru
The Shining One

Shops:
D:4 *   D:9 *

Annotations:
D:8 exclusion: 2 doors
Lair:4 Rupert


Innate Abilities, Weirdness & Mutations

You reflexively headbutt those who attack you in melee.
You have a pair of horns on your head.
You are partially covered in large bone plates (AC +2, SH +2).
Your mind is acute. (Int +2)
You are very frail (-20% HP).
You are resistant to hostile enchantments.
You evolve.


Message History

Rupert barely misses you.
You slash Rupert! You headbutt Rupert!
Rupert is almost dead.
You closely miss Rupert.
Rupert is almost dead.
Rupert hits you with a great mace of protection!
You hit Rupert.
Rupert is almost dead.
Rupert hits you with a great mace of protection!!
* * * LOW HITPOINT WARNING * * *
You hit Rupert. You headbutt Rupert!
Rupert is almost dead.
You completely miss Rupert. You headbutt Rupert.
Rupert is almost dead.
Rupert hits you with a great mace of protection.
* * * LOW HITPOINT WARNING * * *
You slash Rupert! Your headbutt misses Rupert.
Rupert is almost dead.
Rupert hits you with a great mace of protection!!
You die...

##..# #P.#..#.#.#
#..## ##.........
##..# ######..# #..#
###......!.
###..###.#...?.?...
##....†..###........
#.........##........
#.......†....@......
##.........#@.......
##.......#..........
#..................%.
##........PPP.?......
#..........#.........
####....########..#..
#...#.. #.P..
........ ... ........
..


You could see Rupert (berserk).

Vanquished Creatures
  Fannar (D:10)
  A hydra (Lair:2)
  An unseen horror (D:10)
  A guardian serpent (D:10)
  A gargoyle (D:10)
  3 black mambas
  A torpor snail (Lair:3)
  4 komodo dragons
  4 spiny frogs
  Prince Ribbit (D:5)
  7 blink frogs (Lair:3)
  Sigmund (D:5)
  21 yaks
  7 basilisks
  The ghost of Dustman the Firebug, an amateur HuFE (D:3)
  3 hippogriffs
  Edmund (D:6)
  6 water moccasins
  A black bear (Lair:2)
  2 orc warriors
  3 sky beasts
  3 phantoms
  6 porcupines
  The ghost of inmateoo the Sneak, an amateur DDEn (D:5)
  3 ice beasts
  5 ogres
  6 crocodiles
  3 big kobolds
  3 centaurs
  13 giant frogs
  A gnoll sergeant (D:6)
  A wyvern skeleton (D:10)
  A scorpion (D:8)
  19 wights
  A killer bee (D:8)
  8 jellies
  2 electric eels (Lair:3)
  5 crimson imps
  A giant frog zombie (D:8)
  3 hounds
  A quasit (D:8)
  A wasp zombie (D:7)
  2 giant frog skeletons
  8 orc priests
  5 iguanas
  2 orc wizards (D:6)
  2 centaur skeletons
  Jessica (D:2)
  Natasha (thrice) (D:2)
  7 worker ants
  19 sheep
  A hound zombie (D:6)
  A hound skeleton (D:6)
  9 adders
  11 gnolls
  22 river rats
  2 worker ant zombies (D:9)
  3 shadow imps
  An adder zombie (D:10)
  2 oozes
  2 worms
  A giant gecko (D:1)
  33 orcs
  A ball python (D:2)
  5 bats
  9 giant cockroaches
  8 goblins
  13 hobgoblins
  8 jackals
  10 kobolds
  3 quokkas
  2 giant gecko skeletons
  6 giant newts
  A jackal zombie (D:5)
  3 quokka skeletons
  13 rats
377 creatures vanquished.

Vanquished Creatures (collateral kills)
  A spiny frog (Lair:1)
  A wyvern (D:8)
  A yak (D:10)
  An orc warrior (D:10)
  A crocodile (Lair:1)
  An orc wizard (D:10)
  A worker ant (D:10)
  5 kobolds (D:10)
12 creatures vanquished.

Vanquished Creatures (others)
  A plant (D:8)
1 creature vanquished.

Grand Total: 390 creatures vanquished

Notes
Turn   | Place    | Note
--------------------------------------------------------------
     0 | D:1      | Shakirun the Minotaur Berserker began the quest for the Orb.
     0 | D:1      | Reached XP level 1. HP: 19/19 MP: 0/0
   136 | D:1      | Reached XP level 2. HP: 18/27 MP: 1/1
   168 | D:1      | Reached skill level 4 in Axes
   346 | D:1      | Reached ** piety under Trog
   650 | D:1      | Reached XP level 3. HP: 26/33 MP: 2/2
  1112 | D:2      | Noticed Natasha
  1118 | D:2      | Killed Natasha
  1118 | D:2      | Reached XP level 4. HP: 25/41 MP: 3/3
  1213 | D:2      | Noticed Natasha
  1221 | D:2      | Killed Natasha
  1570 | D:2      | Noticed Jessica
  1577 | D:2      | Killed Jessica
  1577 | D:2      | Reached skill level 5 in Axes
  1577 | D:2      | Reached XP level 5. HP: 47/47 MP: 4/4
  1580 | D:2      | Reached skill level 5 in Fighting
  1799 | D:2      | Found an ancient bone altar of Kikubaaqudgha.
  1802 | D:2      | Found a snail-covered altar of Cheibriados.
  1805 | D:2      | Found an iron altar of Okawaru.
  1928 | D:2      | Noticed Natasha
  1931 | D:2      | Killed Natasha
  2004 | D:3      | Noticed Dustman's ghost (amateur HuFE)
  2016 | D:3      | Killed Dustman's ghost
  2016 | D:3      | Reached XP level 6. HP: 53/56 MP: 5/5
  2072 | D:3      | Reached *** piety under Trog
  2791 | D:4      | Reached skill level 6 in Axes
  2892 | D:4      | Reached skill level 5 in Armour
  3020 | D:4      | Reached XP level 7. HP: 61/61 MP: 6/6
  3303 | D:4      | Found Zuguungepo's Assorted Antiques.
  3429 | D:4      | Reached **** piety under Trog
  3440 | D:5      | Entered Level 5 of the Dungeon
  3471 | D:5      | Noticed inmateoo's ghost (amateur DDEn)
  3494 | D:5      | Killed inmateoo's ghost
  3494 | D:5      | Reached skill level 7 in Axes
  4036 | D:5      | Reached skill level 8 in Axes
  4036 | D:5      | Reached XP level 8. HP: 69/69 MP: 7/7
  4167 | D:6      | Noticed Sigmund
  4174 | D:5      | Killed Sigmund
  4174 | D:5      | Reached skill level 5 in Dodging
  4179 | D:6      | Noticed Prince Ribbit
  4221 | D:5      | Killed Prince Ribbit
  4232 | D:5      | Reached skill level 9 in Axes
  4479 | D:6      | Noticed Edmund
  4524 | D:6      | Killed Edmund
  4524 | D:6      | Reached skill level 10 in Axes
  4524 | D:6      | Reached XP level 9. HP: 56/74 MP: 8/8
  4657 | D:6      | Identified the Compendium of Dark Enchantment
  4791 | D:6      | Found a staircase to the Ecumenical Temple.
  4809 | D:6      | Reached ***** piety under Trog
  5159 | D:7      | Found a glowing golden altar of the Shining One.
  5578 | D:8      | Reached skill level 11 in Axes
  5756 | D:8      | Reached skill level 12 in Axes
  5759 | D:8      | Reached XP level 10. HP: 81/81 MP: 9/9
  5786 | D:8      | Found a staircase to the Lair.
  5990 | D:8      | Received a gift from Trog
  6459 | D:9      | Reached skill level 13 in Axes
  6465 | D:9      | Gained mutation: You are agile. (Dex +2) [mutagenic meat]
  6466 | D:9      | Lost mutation: You are agile. (Dex +2) [mutagenic meat]
  6467 | D:9      | Gained mutation: You are dopey. (Int -2) [mutagenic meat]
  6468 | D:9      | Gained mutation: You are partially covered in large bone plates (AC +2, SH +2). [mutagenic meat]
  6469 | D:9      | Gained mutation: You evolve. [mutagenic meat]
  6683 | D:9      | Found Gomp's General Store.
  6687 | D:9      | Bought a potion of heal wounds for 70 gold pieces
  6687 | D:9      | Bought a potion of curing for 42 gold pieces
  6687 | D:9      | Bought a scroll of identify for 28 gold pieces
  7130 | D:10     | Entered Level 10 of the Dungeon
  7218 | D:10     | Reached skill level 10 in Armour
  7352 | D:10     | Noticed Fannar
  7369 | D:10     | Gained mutation: You are resistant to hostile enchantments. [mutagenic meat]
  7370 | D:10     | Gained mutation: You are frail (-10% HP). [mutagenic meat]
  7371 | D:10     | Lost mutation: You are dopey. (Int -2) [mutagenic meat]
  7372 | D:10     | Gained mutation: You are very frail (-20% HP). [mutagenic meat]
  7449 | D:10     | Reached XP level 11. HP: 38/70 MP: 10/10
  7456 | D:10     | Reached skill level 14 in Axes
  7534 | D:10     | Killed an unseen horror
  7623 | D:10     | Noticed a guardian serpent
  7642 | D:10     | Killed a guardian serpent
  7972 | D:10     | Killed Fannar
  8539 | Lair:1   | Entered Level 1 of the Lair of Beasts
  8875 | Lair:1   | Reached skill level 10 in Dodging
  9456 | Lair:1   | Reached skill level 15 in Axes
  9623 | Lair:2   | Noticed a six-headed hydra
 10643 | Lair:2   | Killed an eight-headed hydra
 10643 | Lair:2   | Reached XP level 12. HP: 75/75 MP: 11/11
 10801 | Lair:2   | Reached skill level 16 in Axes
 11425 | Lair:3   | Gained mutation: Your mind is acute. (Int +2) [evolution]
 12282 | Lair:4   | Noticed Rupert
 12300 | Lair:4   | Mangled by Rupert

Action                   |  1- 3 |  4- 6 |  7- 9 | 10-12 || total
-------------------------+-------+-------+-------+-------++-------
Melee: Hand axe          |    76 |   137 |   403 |   532 ||  1148
       Battleaxe         |       |       |       |   146 ||   146
Invok: Berserk           |     1 |     2 |     4 |     6 ||    13
       Trog's Hand       |       |     1 |     1 |    11 ||    13
       Burn Spellbooks   |       |       |     1 |     2 ||     3
       Brothers in Arms  |       |       |       |     6 ||     6
Evoke: Wand              |       |       |       |     5 ||     5
  Use: Potion            |       |     1 |       |     2 ||     3
       Scroll            |       |       |    15 |     1 ||    16
  Eat: Chunk             |       |     9 |     3 |    24 ||    36
       Pizza             |       |     1 |       |       ||     1
       Bread ration      |       |       |     2 |     3 ||     5
       Royal jelly       |       |       |       |     1 ||     1
       Beef jerky        |       |       |       |     1 ||     1
